 Dungeon Crawl Stone Soup version 0.29-a0-362-g5854e031c7 (webtiles) character file.

Game seed: 11564212570012385987

340 spaghetti the Slasher (level 6, 0/49 HPs)
             Began as a Barachi Chaos Knight on Apr 29, 2022.
             Was a Plaything of Xom.
             Succumbed to a hornet's poison
             ... while paralysed by a hornet
             ... on level 5 of the Dungeon.
             The game lasted 00:07:26 (4055 turns).

spaghetti the Slasher (Barachi Chaos Knight)        Turns: 4055, Time: 00:07:26

Health: 0/49       AC:  9    Str:  9 (14) XL:     6   Next: 56%
Magic:  6/6        EV:  2    Int:  9 (12) God:    Xom [...*..]
Gold:   202        SH:  0    Dex: 13      Spells: 5/5 levels left

rFire   . . .      SeeInvis .   t - +0 dagger (vamp) {short}
rCold   . . .      Faith    .   (no shield)
rNeg    . . .      Spirit   .   b - +2 leather armour
rPois   .          Reflect  .   k - +1 helmet
rElec   .          Harm     .   (no cloak)
rCorr   .          Rampage  .   (no gloves)
Will    .....                   f - +1 pair of boots {Stlth+}
Stlth   ++........              (no amulet)
HPRegen 0.16/turn               (no ring)
MPRegen 0.10/turn               (no ring)

@: paralysed, lethally poisoned (0 -> -16), slowed, unable to read, slow
A: amphibious, slowness 1, strong legs 1, +LOS, deterioration 2, subdued magic
1, inability to read while threatened
a: Hop, Renounce Religion


You were on level 5 of the Dungeon.
You worshipped Xom.
You were a favourite toy of Xom.
You visited 1 branch of the dungeon, and saw 5 of its levels.

You collected 202 gold pieces.


Innate Abilities, Weirdness & Mutations

You are amphibious.
You cover ground slowly.
You can hop short distances.
You have an extended range of vision and can be seen from far away.
Your body often deteriorates upon taking damage.
Your spells are a little easier to cast, but a little less powerful.
You sometimes lose the ability to read scrolls when taking damage.


   Skills:
 + Level 4.5 Fighting
 * Level 5.6 Long Blades
 + Level 3.8 Armour
 * Level 3.8 Dodging
 + Level 2.0 Evocations


You had 5 spell levels left.
You didn't know any spells.
Your spell library was empty.

Inventory:

Hand Weapons
 a - a +0 falchion of chaos {long}
 t - a +0 vampiric dagger (weapon) {short}
   (You took it off an orc on level 4 of the Dungeon)
 w - a +2 dagger of draining {short}
   (You took it off a goblin on level 4 of the Dungeon)
Missiles
 d - 47 stones (quivered) {throwing}
 e - a throwing net {=f!fthrowing}
 l - 3 silver boomerangs {throwing}
 p - 2 poisoned darts {throwing}
 q - 5 boomerangs of dispersal {=f!fthrowing}
Armour
 b - a +2 leather armour (worn)
 f - a +1 pair of boots of stealth (worn)
   (You acquired it on level 3 of the Dungeon)
 k - a +1 helmet (worn)
   (You found it on level 1 of the Dungeon)
Scrolls
 h - a scroll of noise {!r}
 i - a scroll of vulnerability {!r!r}
 j - a scroll of immolation {!r!r}
 m - a scroll of enchant weapon
 s - a scroll of teleportation {unknown}
 u - a scroll of enchant armour
 v - a scroll of summoning
Potions
 g - a potion of degeneration {!q@e2}
 n - a potion of ambrosia
 o - 2 potions of curing {@q1}
 r - a potion of heal wounds {@q2}
Miscellaneous
 c - a piece from Xom's chessboard (13/15)

Dungeon Overview and Level Annotations

Branches:
Dungeon (5/15)             Temple (0/1) D:4

Altars:
Elyvilon
Xom

Shops:
D:3

( ####...##
###....##.####
####.....###.....
#.......######...
#.##..^.##.###.#
#.##...###รท##..#
#.##.#.######..#
#.##.##.####..###
#.##.###@y##.....
##.##.#
##...##.##
#..##.# ####
#.###.####
#........#
#........#
#........#
#........#
#........#


You could see a hornet.


Message History

d - 47 stones {throwing} (gained 22) Done exploring.
Done exploring.
Done exploring.
Done exploring.
(D) Dungeon (T) Temple
Where to? (Enter - D:4, ? - help)
You see here a hobgoblin corpse.
You see here a quokka corpse.
There is a stone staircase leading down here.
You climb downwards.
There is a stone staircase leading up here.
There are monsters nearby!
There are monsters nearby!
There are monsters nearby!
The helpless orc fails to defend itself.
You puncture the orc!
You kill the orc!
There is a stone staircase leading up here.
You barely miss the gnoll. The gnoll barely misses you.
You hit the gnoll. The gnoll barely misses you.
You closely miss the gnoll. You hit the gnoll. The gnoll barely misses you.
You hit the gnoll but do no damage. The gnoll barely misses you.
You barely miss the gnoll. The gnoll completely misses you.
You hit the gnoll but do no damage. The gnoll hits you but does no damage.
You hit the gnoll. The gnoll misses you.
You closely miss the gnoll. You closely miss the gnoll. The gnoll misses you.
You hit the gnoll. The gnoll hits you with a +0 club.
Your body deteriorates!
You feel weakened. ๐Ÿ˜• HP[-6]
You take 6 damage, and now have 43/49 hp.
You hit the gnoll.
You feel better.
The gnoll hits you but does no damage. ๐Ÿ˜• HP[+2]
You regained 2 hp, and now have 45/49 hp.
You hit the gnoll.
You kill the gnoll!
Things that are here:
a +0 club {mace}; a gnoll corpse
There is a stone staircase leading up here.
You now have 188 gold pieces (gained 12).
Things that are here:
a +0 dagger {short}; an orc corpse ๐Ÿ˜Ž HP[+4]
Your hp is fully restored (49).
You open the door.
There is an open door here.
Found an escape hatch in the ceiling.
You now have 202 gold pieces (gained 14).
A black bear comes into view.
The black bear growls angrily.
You hit the black bear but do no damage.
You hear Xom's avuncular chuckle.
The black bear evaporates and reforms as a hornet!
The hornet closely misses you.
You hit the hornet but do no damage.
The hornet stings you but does no damage.
You hit the hornet but do no damage. The hornet stings you.
You suddenly lose the ability to move!
The hornet stings you but does no damage.
The hornet stings you.
You are poisoned.
You feel yourself slow down.
You feel yourself speed up.
You feel sick. The hornet stings you.
You are more poisoned.
You feel yourself slow down. The hornet stings you.
You feel threatened and lose the ability to read scrolls!
You shrug off the repeated paralysis!
You feel yourself speed up.
Your body deteriorates!
You feel weakened.
You feel very sick.
The hornet stings you but does no damage.
You can move again. ๐Ÿ˜ฎ HP[-19]
You take 19 damage, and now have 30/49 hp.
MASSIVE DAMAGE!! (PAUSE)
You make a move on Xom's chessboard...
The hornet resists with some effort.
You feel very sick. The hornet stings you.
You feel yourself slow down. The hornet stings you.
* * * LOW HITPOINT WARNING * * *
Your body deteriorates!
You feel dopey.
You feel as though you will be slow longer. ๐Ÿ˜จ HP[-10]
You take 10 damage, and now have 20/49 hp.
MASSIVE DAMAGE!! (PAUSE)
You make a move on Xom's chessboard...
The hornet resists with significant effort.
You feel very sick. The hornet stings you!
* * * LOW HITPOINT WARNING * * *
Your body deteriorates!
You feel weakened.
You are more poisoned.
You suddenly lose the ability to move!
The hornet stings you but does no damage.
You die...
Xom howls with laughter!

Skill      XL: |  1  2  3  4  5  6 |
---------------+-------------------+-----
Long Blades    | 4 5 |  5.6
Dodging        | 2 3 |  3.8
Fighting       | 4 |  4.5
Armour         | 3 |  3.8
Evocations     | 1 2 |  2.0

Action                   |  1- 3 |  4- 6 || total
-------------------------+-------+-------++-------
Melee: Falchion          |    59 |   156 ||   215
       Punch             |       |     4 ||     4
       Dagger            |       |    81 ||    81
Throw: Stone             |    19 |   127 ||   146
 Abil: Hop               |       |     1 ||     1
Evoke: Piece from Xom's  |     3 |     2 ||     5
  Use: Scroll            |     2 |     7 ||     9
       Potion            |       |     5 ||     5
 Stab: Paralysed         |     5 |       ||     5
       Sleeping          |       |     2 ||     2
       Petrified         |       |     3 ||     3
Armor: Leather armour    |    20 |   104 ||   124
Dodge: Dodged            |    34 |   184 ||   218

Levels and vault maps discovered:
D:1:      erik_arrival_orb_chamber, layout_basic,
          shapermc_ecumenical_altar_mp_ritualfount
D:2:      layout_loops_ring, basic_altar, kennysheep_donut
D:3:      layout_loops_ring, serial_shops, nicolae_shop_waterfront
D:4:      layout_cave_pools, temple_statues, minmay_rat_hole
D:5:      layout_loops_ring, mumra_transporter_accident, kennysheep_small_circle

Notes
Turn   | Place    | Note
-------+----------+-------------------------------------------
     0 | D:1      | spaghetti the Barachi Chaos Knight began the quest for the
                  | Orb.
     0 | D:1      | Reached XP level 1. HP: 18/18 MP: 1/1
     0 | D:1      | magus.rc [v1.9.6]
   326 | D:1      | Found a faded altar of an unknown god.
   364 | D:1      | Reached XP level 2. HP: 25/25 MP: 2/2
   392 | D:1      | XOM is BORED!
   392 | D:1      | XOM: silly message
   451 | D:1      | Reached skill level 4 in Long Blades
   741 | D:1      | XOM: scenery: create altars
   886 | D:1      | Reached skill level 2 in Dodging
   886 | D:1      | Reached XP level 3. HP: 29/30 MP: 3/3
  1224 | D:2      | Found a white marble altar of Elyvilon.
  1591 | D:3      | Reached skill level 4 in Fighting
  1591 | D:3      | Reached skill level 3 in Armour
  1591 | D:3      | Reached XP level 4. HP: 35/37 MP: 4/4
  1603 | D:3      | HP: 8/37 [hound (3)]
  1605 | D:3      | XOM is BORED!
  1607 | D:3      | Reached skill level 1 in Evocations
  1865 | D:3      | Reached XP level 5. HP: 32/42 MP: 5/5
  1900 | D:2      | XOM: give mutations
  1900 | D:2      | Gained mutation: Your body sometimes deteriorates upon
                  | taking damage. [Xom's mischief]
  1900 | D:2      | Gained mutation: Your body often deteriorates upon taking
                  | damage. [Xom's mischief]
  1900 | D:2      | Gained mutation: Your spells are a little easier to cast,
                  | but a little less powerful. [Xom's mischief]
  1900 | D:2      | Gained mutation: You sometimes lose the ability to read
                  | scrolls when taking damage. [Xom's mischief]
  1941 | D:3      | XOM: butterfly on damage
  1942 | D:3      | XOM: smoke on damage
  1945 | D:3      | Reached skill level 3 in Dodging
  2209 | D:3      | Identified a scroll of acquirement
  2248 | D:3      | Acquired a +1 pair of boots of stealth
  2333 | D:3      | XOM: scenery: summon butterflies
  2509 | D:3      | XOM: swap monsters
  2623 | D:3      | Found Qybb's Weapon Shoppe.
  2632 | D:3      | XOM: noise
  2719 | D:4      | Reached skill level 5 in Long Blades
  2769 | D:4      | Reached XP level 6. HP: 34/49 MP: 6/6
  2877 | D:4      | XOM: smoke on damage
  3204 | D:4      | Reached skill level 2 in Evocations
  3355 | D:4      | XOM: 2-stop teleportation journey
  3715 | D:4      | Found a staircase to the Ecumenical Temple.
  3746 | D:4      | XOM: polymorph rat -> orc
  3932 | D:5      | Entered Level 5 of the Dungeon
  4042 | D:5      | Noticed a black bear
  4047 | D:5      | Noticed a hornet
  4047 | D:5      | a black bear changed into a hornet
  4047 | D:5      | XOM: polymorph black bear -> hornet
  4049 | D:5      | Paralysed by a hornet for 3 turns
  4054 | D:5      | HP: 4/49 [hornet (12)]
  4054 | D:5      | Paralysed by a hornet for 3 turns
  4055 | D:5      | Succumbed to a hornet's poison

Vanquished Creatures
  A hound (D:3)
  A jelly (D:4)
  2 orc priests (D:4)
  An iguana (D:3)
  2 orc wizards (D:3)
  A gnoll (D:5)
  3 adders (D:4)
  A worm (D:3)
  A dart slug (D:2)
  19 orcs
  13 ball pythons
  3 endoplasms
  A giant cockroach (D:3)
  6 goblins
  6 hobgoblins
  4 jackals (D:4)
  A kobold (D:1)
  A quokka (D:4)
  2 bats
  4 frilled lizards
  22 rats
95 creatures vanquished.

Vanquished Creatures (collateral kills)
  A dart slug (D:3)
1 creature vanquished.

Grand Total: 96 creatures vanquished

Table legend:
 A = Non-vault XP
 B = Vault XP
 C = Vault XP percentage of total XP
 D = Non-vault monster count
 E = Vault monster count
 F = Vault count percentage of total count
                 A         B        C        D         E       F
            +---------+---------+-------+---------+---------+-------
      Total |     447 |      39 |   8.0 |      75 |      21 |  21.9
            +---------+---------+-------+---------+---------+-------
        D:1 |      34 |       0 |   0.0 |      20 |       0 |   0.0
        D:2 |      14 |       0 |   0.0 |       8 |       0 |   0.0
        D:3 |     180 |       0 |   0.0 |      18 |       0 |   0.0
        D:4 |     219 |      22 |   9.1 |      29 |      19 |  39.6
        D:5 |       0 |      17 | 100.0 |       0 |       2 | 100.0
            +---------+---------+-------+---------+---------+-------

Illustrated notes

Table legend:
 A = Kills in this place as a percentage of kills in entire the game.
 B = Kills by you in this place as a percentage of kills by you in the entire game.
 C = Kills by friends in this place as a percentage of kills by friends in the entire game.
 D = Other kills in this place as a percentage of other kills in the entire game.
 E = Experience gained in this place as a percentage of experience gained in the entire game.
 F = Experience gained in this place divided by the number of levels of this place that you have seen.
                   A       B       C       D       E      F
               +-------+-------+-------+-------+-------+----------------------
         Total | 100.0 | 100.0 | 100.0 |   N/A | 100.0 |  97.2
       Dungeon | 100.0 | 100.0 | 100.0 |   N/A | 100.0 |  97.2
               +-------+-------+-------+-------+-------+----------------------

Table legend: (Time is in decaauts)
 A = Elapsed time spent in this place.
 B = Non-inter-level travel time spent in this place.
 C = Inter-level travel time spent in this place.
 D = Time resting spent in this place.
 E = Time spent auto-exploring this place.
 F = Levels seen in this place.
 G = Mean time per level.
                   A        B        C        D        E       F      G
               +--------+--------+--------+--------+--------+-----+--------+
         Total |   4525 |   4409 |    116 |    842 |   2777 |   5 |  905.0 |
       Dungeon |   4525 |   4409 |    116 |    842 |   2777 |   5 |  905.0 |
               +--------+--------+--------+--------+--------+-----+--------+

Top non-repeatable levels by time:
     D:4: 1348 daAuts
     D:1: 1054 daAuts
     D:2: 1030 daAuts
     D:3: 956 daAuts
     D:5: 135 daAuts
